 Dungeon Crawl Stone Soup version 0.24.0-123-gd5b16e6ec5 (webtiles) character file.

Game seed: 10604592345419858237, levelgen mode: deterministic

133 Elellon the Chopper (level 4, 0/35 HPs)
             Began as a Demonspawn Fighter on Jan 21, 2020.
             Slain by a goblin (4 damage)
             ... led by Robin
             ... on level 3 of the Dungeon.
             The game lasted 00:03:19 (2380 turns).

Elellon the Chopper (Demonspawn Fighter)            Turns: 2380, Time: 00:03:19

Health: 0/35       AC:  5    Str: 18    XL:     4   Next: 94%
Magic:  4/4        EV:  8    Int:  9    God:
Gold:   120        SH:  8    Dex: 12    Spells: 3/3 levels left

rFire    . . .     SeeInvis .   a - +0 war axe
rCold    + . .     Gourm    .   c - +0 shield
rNeg     . . .     Faith    .   w - +2 leather armour {rC+}
rPois    .         Spirit   .   (no helmet)
rElec    .         Reflect  .   (no cloak)
rCorr    .         Harm     .   (no gloves)
MR       .....                  (no boots)
Stlth    +.........             (no amulet)
HPRegen  0.11/turn              (no ring)
MPRegen  0.09/turn              (no ring)

@: no status effects
A: powered by death 1
a: no special abilities


You were on level 3 of the Dungeon.
You were not hungry.

You visited 1 branch of the dungeon, and saw 3 of its levels.

You collected 120 gold pieces.

Inventory:

Hand Weapons
 a - a +0 war axe (weapon)
Armour
 b - a +0 scale mail
 c - a +0 shield (worn)
 v - a +0 chain mail
 w - a +2 leather armour of cold resistance (worn)
Jewellery
 k - an uncursed amulet of harm {unknown}
 r - an uncursed amulet of rage {unknown}
Wands
 s - a wand of disintegration (8)
Scrolls
 l - 2 scrolls of fear {unknown}
 n - a scroll of magic mapping {unknown}
 o - 3 scrolls of identify {unknown}
 t - a scroll of enchant armour {unknown}
 u - 2 scrolls of amnesia {unknown}
Potions
 d - a potion of might
 e - a potion of brilliance {unknown}
 g - a potion of lignification {unknown}
 h - 3 potions of heal wounds {unknown}
 i - 2 potions of degeneration {unknown}
 j - 3 potions of mutation {unknown}
 m - 2 potions of flight {unknown}
 q - a potion of curing {unknown}
Comestibles
 f - 5 rations
 p - 6 chunks of flesh


   Skills:
 - Level 3.0 Fighting
 + Level 4.7 Axes
 - Level 2.6 Armour
 - Level 2.6 Shields


You had 3 spell levels left.
You didn't know any spells.
Your spell library was empty.

Dungeon Overview and Level Annotations

Branches:
Dungeon (3/15)

Altars:
Kikubaaqudgha

Annotations:
D:3 Grinder, Robin


Innate Abilities, Weirdness & Mutations

You regenerate a little health from kills.


Message History

You barely miss the goblin. You block the goblin's attack.
Robin roars a battlecry!
The goblins go into a battle-frenzy!
The goblin hits you but does no damage. The goblin closely misses you.
You hear a shout! x2
You barely miss the goblin. You miss the goblin. The goblin closely misses you.
You barely miss the goblin. You closely miss the goblin.
The goblin hits you but does no damage. The goblin barely misses you.
Grinder blinks!
You slash the goblin!
You kill the goblin!
You closely miss the goblin. The goblin barely misses you.
Robin hits you but does no damage. You block the goblin's attack.
Grinder blinks!
The goblin closely misses you. Robin throws the goblin at you!
* * * LOW HITPOINT WARNING * * *
You see here a goblin corpse.
Your shield prevents you from hitting the goblin.
The goblin hits you.
You die...

#.# #.#...g.g..)..# ##.##
#.#...5.....#...#
####...#######ยง##g.#######
.# ....................#
#####...#.#.###.#####
##.##.#.# #g#
###.##.#.###g#
..............# ### #####
####.##.#####@# ##.## .....
#.........g###.#.## #####
###.#####.##.###.###.# #.#
#.#.##.......# ..#
#....#.#.##### #.###
#.#.#...## #.# #.#.##.##
#.# #.#.##.# #.# ##.#.##.#


You could see Robin and 2 goblins.

Vanquished Creatures
  A gnoll (D:1)
  6 adders
  A worm (D:2)
  2 dart slugs
  4 leopard geckos
  6 bats (D:1)
  4 giant cockroaches
  7 goblins
  7 hobgoblins
  3 jackals (D:2)
  2 frilled lizards
  6 kobolds
  11 rats
60 creatures vanquished.

Notes
Turn   | Place    | Note
-------+----------+-------------------------------------------
     0 | D:1      | Elellon the Demonspawn Fighter began the quest for the Orb.
     0 | D:1      | Reached XP level 1. HP: 18/18 MP: 1/1
    44 | D:1      | Reached skill level 2 in Axes
   122 | D:1      | Gained mutation: You regenerate a little health from kills.
                  | [demonic ancestry]
   122 | D:1      | Reached XP level 2. HP: 22/24 MP: 2/2
   161 | D:1      | Reached skill level 3 in Axes
   480 | D:1      | Reached XP level 3. HP: 28/29 MP: 3/3
  1044 | D:2      | Found an ancient bone altar of Kikubaaqudgha.
  1231 | D:2      | Reached XP level 4. HP: 31/35 MP: 4/4
  1235 | D:2      | Reached skill level 4 in Axes
  2351 | D:3      | Noticed Grinder
  2358 | D:3      | Noticed Robin
  2380 | D:3      | Slain by a goblin

Levels and vault maps discovered:
D:1:      minmay_arrival_wavy_path, layout_loops_ring
D:2:      layout_loops_ring, lemuel_coloured_pillars_altar
D:3:      layout_loops_ring, uniq_grinder, uniq_robin

Skill      XL: |  1  2  3  4 |
---------------+-------------+-----
Axes           | 2 3 4 |  4.7
Fighting       | |  3.0
Armour         | |  2.6
Shields        | |  2.6

Action                   |  1- 3 |  4- 6 || total
-------------------------+-------+-------++-------
Melee: War axe           |   114 |    94 ||   208
  Eat: Chunk             |     1 |     4 ||     5
Armor: Scale mail        |    61 |    38 ||    99
       Leather armour    |       |     6 ||     6
Dodge: Dodged            |    38 |    34 ||    72
Block: Shield            |    51 |    42 ||    93
